 Dungeon Crawl Stone Soup version 0.27-a0-1060-gcb85b5eba1 (webtiles) character file.

Game seed: 2074125103193731849

1712 Morbidden the Conjurer (level 9, -3/58 HPs)
             Began as an Octopode Conjurer on Apr 21, 2021.
             Killed from afar by Maggie (26 damage)
             ... with a bolt of fire
             ... on level 6 of the Dungeon.
             The game lasted 00:10:18 (9191 turns).

Morbidden the Conjurer (Octopode Conjurer)          Turns: 9191, Time: 00:10:19

Health: -3/58      AC:  2    Str:  7    XL:     9   Next: 4%
Magic:  12/17      EV: 14    Int: 23    God:
Gold:   1136       SH:  0    Dex: 16    Spells: 12/19 levels left

rFire    . . .     SeeInvis +   m - +0 scimitar
rCold    . . .     Faith    .   (no shield)
rNeg     . . .     Spirit   .   a - +1 hat
rPois    .         Reflect  .   (no amulet)
rElec    .         Harm     .   b - ring of see invisible
rCorr    .         Rampage  .   h - +6 ring of dexterity
Will     .....                  (no ring)
Stlth    ++++......             (no ring)
HPRegen  0.19/turn              (no ring)
MPRegen  0.15/turn              (no ring)
                                (no ring)
                                (no ring)

@: mesmerised, studying Polearms
A: almost no armour, amphibious, 8 rings, camouflage 1, gelatinous body 1,
(nimble swimmer 1), tentacles
a: no special abilities


You were on level 6 of the Dungeon.
You visited 1 branch of the dungeon, and saw 6 of its levels.
You also visited: Ossuary.

You collected 1136 gold pieces.

Inventory:

Hand Weapons
 m - a +0 scimitar (weapon)
Armour
 a - a +1 hat (worn)
Jewellery
 b - a ring of see invisible (left tentacle)
 h - a +6 ring of dexterity (right tentacle)
Wands
 n - a wand of iceblast (7)
 s - a wand of polymorph (6)
 v - a wand of digging (4)
Scrolls
 c - 6 scrolls of identify
 e - 2 scrolls of vulnerability {unknown}
 f - a scroll of noise {unknown}
 i - 4 scrolls of teleportation
 k - a scroll of blinking {unknown}
 l - 3 scrolls of immolation {unknown}
 q - a scroll of fog {unknown}
 t - a scroll of holy word {unknown}
Potions
 d - a potion of might
 j - a potion of magic {unknown}
 o - 2 potions of attraction {unknown}
 p - 2 potions of berserk rage {unknown}
 r - a potion of haste {unknown}
 u - a potion of lignification {unknown}


   Skills:
 * Level 3.6 Fighting
 + Level 3.3 Long Blades
 + Level 2.9 Dodging
 + Level 4.9 Stealth
 + Level 1.5 Unarmed Combat
 * Level 5.5 Spellcasting
 * Level 7.2 Conjurations
 * Level 3.2 Translocations


You had 12 spell levels left.
You knew the following spells:

 Your Spells              Type           Power      Damage    Failure   Level
a - Magic Dart            Conj           100%       1d8       1%          1
b - Searing Ray           Conj           78%        3d6       1%          2
c - Iskenderun's Mystic   Conj/Tloc      30%        2d8       11%         4

Your spell library contained the following spells:

 Spells                   Type           Power      Damage    Failure   Level
 Dazzling Flash           Conj/Hex       44%        N/A       6%          3
 Sting                    Tmut/Pois      24%        1d4       9%          1
 Mephitic Cloud           Conj/Pois/Air  17%        N/A       10%         3
 Poisonous Vapours        Pois/Air       12%        N/A       14%         2
 Fulminant Prism          Conj/Hex       11%        3d9       21%         4
 Ignite Poison            Fire/Tmut/Pois 6%         N/A       26%         3
 Olgreb's Toxic Radiance  Pois           6%         N/A       65%         4


Dungeon Overview and Level Annotations

Branches:
Dungeon (6/15)            Ossuary (visited)
 Temple: D:4-7

Altars:

Annotations:
D:6 Maggie


Innate Abilities, Weirdness & Mutations

You cannot wear most types of armour.
You are amphibious.
You can wear up to eight rings at the same time.
Your skin changes colour to match your surroundings (Stealth+).
Your rubbery body absorbs attacks. (AC +1, EV +1)
((You are camouflaged near water. (Stealth+)))
You have tentacles for arms and can constrict up to eight enemies at once.


Message History

Press: ? - help, Shift-Dir - straight line, f/p - Maggie
Aim: Maggie, wielding a +0 morningstar of flaming and wearing +0 acid dragon scales (lightly wounded, 81% to hit)
The searing ray hits Maggie.
Maggie is lightly wounded. (Press . to maintain the ray.) Maggie gestures wildly while chanting.
Maggie attempts to bespell you!
You are mesmerised by Maggie!
The searing ray hits Maggie.
Maggie is lightly wounded.
Maggie says, "Fear not.
I will immortalize you in the tale of my first kill."
Unknown command.
The searing ray misses Maggie.
Maggie gestures at you while chanting. The bolt of fire hits you!!
* * * LOW HITPOINT WARNING * * *
Unknown command.
Unknown command.
Unknown command.
Unknown command.
Okay, then.
You feel much better. Maggie gestures at you while chanting.
The bolt of fire hits you!!
* * * LOW HITPOINT WARNING * * *
Unknown command.
Unknown command.
Unknown command.
Okay, then.
You feel much better.
Unknown command.
Unknown command.
Unknown command.
You barely miss Maggie. Your grab misses Maggie.
Maggie is lightly wounded.
Maggie hits you with a +0 morningstar of flaming!
Maggie burns you. Maggie gestures at you while chanting.
The bolt of fire hits you!!
You die...

........... ###.####### #..
#.# @.# # #.# ... ###.# ..
#...# #.## '...# ..#
#...#################.###.###
+...'...........@@...........
#...##################.##.###
#.......... ... #....######
..... .........# ......#
####.###.# ......+ # #.....#
......# ####### ......#


You could see Maggie (mesmerising).

Vanquished Creatures
  A wraith (D:5)
  A shadow (D:5)
  A black bear (D:6)
  A sky beast (D:5)
  A necrophage (D:4)
  An ogre (D:4)
  4 elf zombies (Ossuary)
  4 wights (D:4)
  2 howler monkeys (D:4)
  A centaur zombie (Ossuary)
  2 hounds
  2 centaur skeletons
  A bullfrog skeleton (D:5)
  2 iguanas
  3 hound zombies (Ossuary)
  3 mummies (Ossuary)
  4 gnolls (D:5)
  5 adders
  A shadow imp (D:5)
  A white imp (D:3)
  3 adder zombies (Ossuary)
  A worm (D:2)
  A dart slug (D:3)
  14 orcs
  2 bats
  4 endoplasms
  2 giant cockroaches
  10 goblins
  8 hobgoblins
  7 jackals (D:1)
  6 quokkas
  10 ball pythons
  4 frilled lizards
  3 goblin zombies (Ossuary)
  3 hobgoblin zombies (Ossuary)
  4 jackal zombies (Ossuary)
  8 kobolds
  3 kobold zombies (Ossuary)
  3 orc zombies (Ossuary)
  4 quokka zombies (Ossuary)
  5 rats
  4 rat zombies (Ossuary)
150 creatures vanquished.

Notes
Turn   | Place    | Note
-------+----------+-------------------------------------------
     0 | D:1      | Morbidden the Octopode Conjurer began the quest for the
                  | Orb.
     0 | D:1      | Reached XP level 1. HP: 11/11 MP: 3/3
   174 | D:1      | Reached XP level 2. HP: 9/17 MP: 1/5
   492 | D:1      | Learned a level 2 spell: Searing Ray
  1091 | D:1      | Reached XP level 3. HP: 21/21 MP: 4/6
  1558 | D:1      | Found a faded altar of an unknown god.
  2258 | D:2      | Noticed an ogre
  2407 | D:2      | Reached XP level 4. HP: 27/27 MP: 4/7
  2528 | D:2      | Reached skill level 1 in Fighting
  3603 | D:3      | Reached skill level 5 in Conjurations
  4761 | D:4      | Noticed a necrophage
  4773 | D:4      | Killed a necrophage
  4774 | D:4      | Reached skill level 1 in Unarmed Combat
  4774 | D:4      | Reached XP level 5. HP: 25/33 MP: 1/9
  4867 | D:4      | Reached XP level 6. HP: 39/39 MP: 3/10
  5296 | D:3      | Learned a level 4 spell: Iskenderun's Mystic Blast
  5555 | D:4      | Reached XP level 7. HP: 45/45 MP: 4/12
  5598 | D:4      | Reached skill level 6 in Conjurations
  5693 | D:4      | Reached skill level 1 in Translocations
  6302 | D:5      | Entered Level 5 of the Dungeon
  6305 | D:5      | Identified 2 scrolls of acquirement
  6305 | D:5      | Acquired 882 gold pieces
  6307 | D:5      | Acquired a +1 hat
  6404 | D:5      | Found a sand-covered staircase.
  6458 | Ossuary  | Entered an ossuary
  6629 | Ossuary  | Reached skill level 1 in Long Blades
  6841 | Ossuary  | Reached XP level 8. HP: 46/51 MP: 7/14
  8223 | D:5      | Noticed a shadow
  8233 | D:5      | Killed a shadow
  8234 | D:5      | Reached skill level 5 in Spellcasting
  8256 | D:5      | Noticed a wraith
  8277 | D:5      | Killed a wraith
  8278 | D:5      | Reached skill level 7 in Conjurations
  8853 | D:6      | Identified the +6 spear "Dusent" {freeze, +Rage rPois rC-}
  9080 | D:6      | Reached XP level 9. HP: 49/58 MP: 9/17
  9176 | D:6      | Noticed Maggie
  9191 | D:6      | Killed from afar by Maggie

Illustrated notes

Levels and vault maps discovered:
D:1:      lemuel_arrival_lava_pool, layout_loops_ring, basic_ecumenical_altar
D:2:      layout_basic
D:3:      layout_loops_corners, chequers_serial_rivers_large_b
D:4:      layout_basic
D:5:      layout_basic, enter_ossuary_2, minmay_manual_mail
D:6:      layout_basic, uniq_maggie

Skill      XL: |  1  2  3  4  5  6  7  8 |
---------------+-------------------------+-----
Stealth        | 3 4 |  4.9
Fighting       | 1 2 3 |  3.6
Conjurations   | 5 6 7 |  7.2
Unarmed Combat | 1 |  1.5
Spellcasting   | 3 4 5 |  5.5
Translocations | 1 3 |  3.2
Long Blades    | 1 3 |  3.3
Dodging        | |  2.9

Action                   |  1- 3 |  4- 6 |  7- 9 || total
-------------------------+-------+-------+-------++-------
Melee: Unarmed           |    71 |    18 |       ||    89
       Constrict         |    19 |     3 |    20 ||    42
       Tentacles         |     7 |     3 |    16 ||    26
       Scimitar          |       |       |    66 ||    66
 Cast: Magic Dart        |    43 |    56 |    92 ||   191
       Searing Ray       |     4 |    19 |    27 ||    50
       Iskenderun's Myst |       |       |     4 ||     4
  Use: Scroll            |       |     2 |     2 ||     4
       Potion            |       |       |     4 ||     4
 Stab: Sleeping          |     5 |       |     4 ||     9
       Distracted        |     1 |       |       ||     1
Armor: Skin              |     4 |       |     8 ||    12
Dodge: Dodged            |    54 |    16 |    68 ||   138
       Rpst.: Scimitar   |       |       |    20 ||    20

Table legend: (Time is in decaauts)
 A = Elapsed time spent in this place.
 B = Non-inter-level travel time spent in this place.
 C = Inter-level travel time spent in this place.
 D = Time resting spent in this place.
 E = Time spent auto-exploring this place.
 F = Levels seen in this place.
 G = Mean time per level.
                   A        B        C        D        E       F      G
               +--------+--------+--------+--------+--------+-----+--------+
         Total |   9212 |   9007 |    205 |    973 |   7028 |   7 | 1316.0 |
       Dungeon |   8013 |   7808 |    205 |    687 |   6316 |   6 | 1335.5 |
       Ossuary |   1198 |   1198 |      0 |    286 |    712 |   1 | 1198.0 |
               +--------+--------+--------+--------+--------+-----+--------+

Top non-repeatable levels by time:
     D:3: 1907 daAuts
     D:1: 1615 daAuts
     D:2: 1432 daAuts
     D:5: 1350 daAuts
     D:4: 1349 daAuts
 Ossuary: 1198 daAuts
     D:6: 359 daAuts
